[Event "Early-Titled-Tuesday-Blitz-March-05-2024"]
[Site "Chess.com"]
[Date "2024.03.05"]
[Round "6"]
[White "Szachulec75"]
[Black "Misterfox120"]
[Result "1-0"]
[WhiteElo "2243"]
[BlackElo "2457"]
[TimeControl "180+1"]
[EndTime "9:05:33 PST"]
[Termination "Szachulec75 won by resignation"]

1. Nf3 c5 2. g3 Nc6 3. Bg2 g6 4. d3 Bg7 5. O-O d5 6. Nbd2 e5 7. e4 Nge7 8. Re1 O-O 9. exd5 Nxd5 10. c3 h6 11. a4 Be6 12. Nc4 Qc7 13. Bd2 a6 14. Qc1 b5 15. axb5 axb5 16. Rxa8 Rxa8 17. Na3 b4 18. Nc4 Kh7 19. Re4 bxc3 20. bxc3 Nde7 21.
Rh4 Nf5 22. Ng5+ Kg8 23. Nxe6 fxe6 24. Rg4 Nce7 25. Bxa8 1-0

[Event "Early-Titled-Tuesday-Blitz-March-05-2024"]
[Site "Chess.com"]
[Date "2024.03.05"]
[Round "6"]
[White "Kielinkei"]
[Black "Joachim100x"]
[Result "0-1"]
[WhiteElo "2585"]
[BlackElo "2495"]
[TimeControl "180+1"]
[EndTime "9:05:36 PST"]
[Termination "Joachim100x won by resignation"]

1. c4 e6 2. g3 d5 3. Bg2 Nf6 4.
Nf3 Be7 5. O-O O-O 6. b3 c5 7.
cxd5 exd5 8. d4 Nc6 9. Bb2 Be6 10. Nc3 Rc8 11. dxc5 Bxc5 12. Nb5 Ne4 13. Nbd4 Nxd4 14. Nxd4 Qb6 15. Rc1 Rfd8 16. e3 a6 17. a3 h6 18.
b4 Be7 19. Qe2 Bf6 20. Nxe6 Qxe6 21. Bxf6 Qxf6 22. Qd3 Rxc1 23. Rxc1 Qxf2+ 24. Kh1 Qb2 25. Rc2 Nf2+ 26. Rxf2 Qxf2 27. a4 Qe1+ 28. Bf1 Qxb4 29. Be2 Qe4+ 0-1

[Event "Early-Titled-Tuesday-Blitz-March-05-2024"]
[Site "Chess.com"]
[Date "2024.03.05"]
[Round "6"]
[White "tandaleo"]
[Black "Susal_De_Silva"]
[Result "0-1"]
[WhiteElo "2474"]
[BlackElo "2650"]
[TimeControl "180+1"]
[EndTime "9:05:37 PST"]
[Termination "Susal_De_Silva won by resignation"]

1. d4 Nf6 2. Nf3 e6 3. c4 b6 4. g3 Bb7 5. Bg2 g6 6. O-O Bg7 7. Nc3 Ne4 8. Qc2 Nxc3 9. Qxc3 O-O 10. h4 h6 11. Qd3 f5 12. Bf4 d6 13. Qd2 Kh7 14. h5 gxh5 15. Ng5+ hxg5 16. Bxb7 gxf4 17. Bxa8 Bh6 18. gxf4 c6 19. f3 Rg8+ 20. Kf2 Qh4+ 21. Ke3 Qxf4+ 0-1

[Event "Early-Titled-Tuesday-Blitz-March-05-2024"]
[Site "Chess.com"]
[Date "2024.03.05"]
[Round "6"]
[White "YurasovMat-2012"]
[Black "FuenfgegenWilly"]
[Result "1-0"]
[WhiteElo "2620"]
[BlackElo "2447"]
[TimeControl "180+1"]
[EndTime "9:05:37 PST"]
[Termination "YurasovMat-2012 won by resignation"]

1. e4 e5 2. Nf3 Nc6 3. Bc4 Nf6 4. d3 d5 5. exd5 Nxd5 6. O-O Bc5 7. Nc3 Nxc3 8.
bxc3 O-O 9. Be3 Bxe3 10. fxe3 e4 11. dxe4 Qe7 12. Bd5 Ne5 13. Nxe5 Qxe5 14. Qd4 Qg5 15. Rxf7 Rxf7 16. Rf1 Bh3 17. Bxf7+ Kh8 18. Rf2 Rd8 19. Bd5 c6 20. Qc5 h5 21. Rf8+ Rxf8 22. Qxf8+ Kh7 23. Bg8+ Kg6 24. Bf7+ Kh7 25. Qg8+ 1-0

[Event "Early-Titled-Tuesday-Blitz-March-05-2024"]
[Site "Chess.com"]
[Date "2024.03.05"]
[Round "6"]
[White "ChessBliss09"]
[Black "AjedrezenMadrid"]
[Result "0-1"]
[WhiteElo "2191"]
[BlackElo "2529"]
[TimeControl "180+1"]
[EndTime "9:05:46 PST"]
[Termination "AjedrezenMadrid won by checkmate"]

1. c4 e6 2. Nc3 Nf6 3. e4 d5 4.
e5 d4 5. exf6 dxc3 6. fxg7 cxd2+ 7. Bxd2 Bxg7 8. Qc2 Nc6 9. Nf3 Qe7 10. Be2 Bd7 11.
O-O O-O-O 12. Rab1 e5 13. b4 e4 14. Ng5 Nd4 15. Qd1 Ba4 16. Qe1 Bf6 17. Bg4+ Kb8 18.
Nxe4 Rhg8 19. Nxf6 Qxf6 20. Bh3 Nf3+ 21. Kh1 Nxe1 22.
Bxe1 Rd3 23. b5 Rxh3 24. gxh3 Qf3# 0-1

[Event "Early-Titled-Tuesday-Blitz-March-05-2024"]
[Site "Chess.com"]
[Date "2024.03.05"]
[Round "6"]
[White "GlavkonVVS"]
[Black "Batica1984"]
[Result "1-0"]
[WhiteElo "2564"]
[BlackElo "2770"]
[TimeControl "180+1"]
[EndTime "9:05:53 PST"]
[Termination "GlavkonVVS won by resignation"]

1. c4 c5 2. Nc3 Nf6 3. g3 d5 4.
cxd5 Nxd5 5. Bg2 Nc7 6. Nf3 Nc6 7. d3 e5 8. O-O Be7 9. a3 O-O 10.
Bd2 Be6 11. Ne4 f6 12. b4 cxb4 13. axb4 Nxb4 14. Qb1 a5 15. Rd1 b6 16. d4 exd4 17.
Bxb4 Bxb4 18. Nxd4 Qe8 19. Nc6 Na6 20. Nd6 Qg6 21.
Ne7+ 1-0

[Event "Early-Titled-Tuesday-Blitz-March-05-2024"]
[Site "Chess.com"]
[Date "2024.03.05"]
[Round "6"]
[White "xasid81"]
[Black "JoliyRoger"]
[Result "1-0"]
[WhiteElo "2571"]
[BlackElo "2420"]
[TimeControl "180+1"]
[EndTime "9:05:59 PST"]
[Termination "xasid81 won by resignation"]

1. c4 c5 2. Nf3 Nf6 3. Nc3 e6 4. g3 Nc6 5. Bg2 Be7 6. O-O O-O 7. b3 a6 8. Bb2 Qc7 9. d4 cxd4 10. Nxd4 Ne5 11.
Rc1 d6 12. e4 Rb8 13. f4 Ng6 14.
f5 Ne5 15. fxe6 fxe6 16. Bh3 Qb6 17. Kh1 d5 18. Na4 Qa7 19. Nxe6 dxe4 20. Bxe5 1-0

[Event "Early-Titled-Tuesday-Blitz-March-05-2024"]
[Site "Chess.com"]
[Date "2024.03.05"]
[Round "6"]
[White "Iball95"]
[Black "jk13"]
[Result "1-0"]
[WhiteElo "2907"]
[BlackElo "2695"]
[TimeControl "180+1"]
[EndTime "9:06:13 PST"]
[Termination "Iball95 won by resignation"]

1. e4 e5 2. Nf3 Nc6 3. Nc3 Nf6 4.
Bb5 Bd6 5. a3 Ne7 6. d4 Ng6 7.
h4 exd4 8. Qxd4 Qe7 9. h5 Ne5 10. h6 g6 11. Bg5 c6 12. Be2 Nxf3+ 13. gxf3 Be5 14. Qe3 d6 15. f4 Bxc3+ 16. Qxc3 Qxe4 17. Qxf6 Bg4 18. O-O-O Bxe2 19. Qxh8+ Kd7 20. Qxa8 Bxd1 21. Rxd1 1-0

[Event "Early-Titled-Tuesday-Blitz-March-05-2024"]
[Site "Chess.com"]
[Date "2024.03.05"]
[Round "6"]
[White "AlexandraSamaganova"]
[Black "maurovargas01"]
[Result "1-0"]
[WhiteElo "2297"]
[BlackElo "1843"]
[TimeControl "180+1"]
[EndTime "9:06:13 PST"]
[Termination "AlexandraSamaganova won by resignation"]

1. c4 e5 2. Nc3 Nc6 3. g3 f5 4. Bg2 Nf6 5. e3 Bb4 6. Nge2 e4 7. d3 Ne5 8. dxe4 fxe4 9. O-O Nf3+ 10. Kh1 Bxc3 11. Nxc3 Qe7 12. Nxe4 Nxh2 13. Nxf6+ Qxf6 14. Kxh2 Qh6+ 15. Kg1 O-O 16. e4 d6 17. Bxh6 gxh6 18.
Qh5 Kg7 19. f4 Bd7 20. f5 Bc6 21. f6+ Rxf6 22. Rxf6 Kxf6 23. Rf1+ Kg7 24. Qf7+ 1-0

[Event "Early-Titled-Tuesday-Blitz-March-05-2024"]
[Site "Chess.com"]
[Date "2024.03.05"]
[Round "6"]
[White "BeyondMadness"]
[Black "Hui_Li_Macau"]
[Result "0-1"]
[WhiteElo "2229"]
[BlackElo "2388"]
[TimeControl "180+1"]
[EndTime "9:06:15 PST"]
[Termination "Hui_Li_Macau won by resignation"]

1. e4 e5 2. Nf3 Nf6 3. Nxe5 d6 4. Nxf7 Kxf7 5. Bc4+ d5 6. exd5 Bd6 7. O-O Rf8 8.
d4 Kg8 9. Bg5 Kh8 10. Nc3 Bf5 11.
Bd3 Bxd3 12. Qxd3 Bxh2+ 13. Kh1 Bd6 14. Ne4 Nbd7 15. Nxd6 cxd6 16. c4 Qe8 17. Kg1 Qg6 18.
Qe3 Rae8 19. Qd2 Ne4 0-1

[Event "Early-Titled-Tuesday-Blitz-March-05-2024"]
[Site "Chess.com"]
[Date "2024.03.05"]
[Round "6"]
[White "LaPiToB"]
[Black "2KTNGO"]
[Result "0-1"]
[WhiteElo "2272"]
[BlackElo "2505"]
[TimeControl "180+1"]
[EndTime "9:06:26 PST"]
[Termination "2KTNGO won by resignation"]

1. d4 Nf6 2. c4 Nc6 3. e3 e5 4. d5 Ne7 5. Nf3 Ng6 6. Nc3 Bb4 7. Qb3 a5 8. a3 Bxc3+ 9. Qxc3 Ne4 10.
Qc2 Nc5 11. Bd2 a4 12. Rd1 d6 13. h4 h5 14. Ng5 Qe7 15. Be2 Nxh4 16. Nxf7 Kxf7 17. g3 Bf5 18. Qc3 Ng6 19. Rxh5 Rxh5 20. Bxh5 Qg5 21. Bxg6+ Qxg6 22. Bc1 Rh8 0-1

[Event "Early-Titled-Tuesday-Blitz-March-05-2024"]
[Site "Chess.com"]
[Date "2024.03.05"]
[Round "6"]
[White "dosto07"]
[Black "Byniolus"]
[Result "0-1"]
[WhiteElo "2558"]
[BlackElo "2807"]
[TimeControl "180+1"]
[EndTime "9:06:37 PST"]
[Termination "Byniolus won by resignation"]

1. e4 d6 2. d4 Nf6 3. Nc3 c6 4. Nf3 Bg4 5. Be2 e6 6. e5 dxe5 7. Nxe5 Bxe2 8. Qxe2 Qxd4 9. O-O Nbd7 10. Nc4 Nb6 11.
Na5 O-O-O 12. Rd1 Qb4 13. Rxd8+ Kxd8 14. Nxb7+ Kc7 15. Qa6 Be7 16. a3 Qc4 17. Qxa7 Ra8 18. Na5+ Rxa7 19. Nxc4 Nxc4 20. a4 Bb4 21. Ne4 Nxe4 0-1

[Event "Early-Titled-Tuesday-Blitz-March-05-2024"]
[Site "Chess.com"]
[Date "2024.03.05"]
[Round "6"]
[White "Seochesspie"]
[Black "djano"]
[Result "1-0"]
[WhiteElo "2814"]
[BlackElo "2551"]
[TimeControl "180+1"]
[EndTime "9:06:40 PST"]
[Termination "Seochesspie won by resignation"]

1. d4 Nf6 2. c4 g6 3. Nc3 Bg7 4. e4 d6 5. Be2 O-O 6. Be3 e5 7. d5 c6 8. g4 cxd5 9. cxd5 Na6 10. g5 Nd7 11. Nf3 f5 12. h4 Nac5 13. Nd2 f4 14. Bxc5 Nxc5 15. b4 Na6 16. a3 h6 17. gxh6 Bxh6 18.
Bg4 f3 19. Be6+ Kg7 20. Nc4 Bxe6 21. dxe6 Rc8 22. Qd3 Qc7 23. e7 Rf6 24. Nd5 Qc6 25. Nxf6 Kxf6 26. Qxd6+ Kg7 27. Qxc6 bxc6 28. Nd6 1-0

[Event "Early-Titled-Tuesday-Blitz-March-05-2024"]
[Site "Chess.com"]
[Date "2024.03.05"]
[Round "6"]
[White "Kotofeyca"]
[Black "SaqoChess_Twitch"]
[Result "0-1"]
[WhiteElo "2453"]
[BlackElo "2588"]
[TimeControl "180+1"]
[EndTime "9:06:42 PST"]
[Termination "SaqoChess_Twitch won by resignation"]

1. d4 d5 2. c4 e6 3. Nc3 Nf6 4. cxd5 Nxd5 5. g3 Nxc3 6. bxc3 c5 7. Nf3 cxd4 8. cxd4 Bb4+ 9. Bd2 Bxd2+ 10. Qxd2 O-O 11.
Bg2 Nc6 12. O-O Bd7 13. Rfd1 Qe7 14. Rab1 b6 15. Ne5 Rac8 16. Nxd7 Qxd7 17. e4 Rfd8 18. d5 exd5 19. exd5 Na5 20. Rbc1 g6 21. Rxc8 Rxc8 22. h4 h5 23. Kh2 Rd8 24. Qd4 Qd6 25. Re1 Nb7 26.
Re5 Nc5 27. Qe3 Kg7 28. Re7 Rd7 29. Re8 Qf6 30. Ra8 Re7 31. Qd2 Ne4 32. Kg1 Nxd2 0-1

[Event "Early-Titled-Tuesday-Blitz-March-05-2024"]
[Site "Chess.com"]
[Date "2024.03.05"]
[Round "6"]
[White "Lennis93"]
[Black "Eliwood44"]
[Result "1-0"]
[WhiteElo "2708"]
[BlackElo "2508"]
[TimeControl "180+1"]
[EndTime "9:06:47 PST"]
[Termination "Lennis93 won by resignation"]

1. a3 e5 2. c4 Nf6 3. Nc3 c6 4. d4 e4 5. d5 Bd6 6. Bg5 Be5 7. e3 Qa5 8. Ne2 Na6 9. b4 Qc7 10. Bxf6 Bxf6 11. Nxe4 Bxa1 12. Qxa1 O-O 13. d6 Qd8 14. N2g3 c5 15. Nf5 f6 16. Ne7+ Kh8 17. Bd3 b6 18. b5 Nc7 19. Nxc8 Rxc8 20. dxc7 Rxc7 21. Nc3 d6 22. Nd5 Rcf7 23. Qb1 f5 24. h3 Qh4 25. g3 Qh6 26. h4 Re8 27. Bxf5 Re5 28. Be4 Qh5 29.
O-O Qg4 30. Nf4 g5 31. hxg5 Rxg5 32. Bd5 Rfg7 33. Qe4 Re5 34. Qf3 Qc8 35. Kg2 Qd8 36. Rh1 Re8 37. Ne6 1-0

[Event "Early-Titled-Tuesday-Blitz-March-05-2024"]
[Site "Chess.com"]
[Date "2024.03.05"]
[Round "6"]
[White "vovachesss"]
[Black "1mbl4"]
[Result "1-0"]
[WhiteElo "2805"]
[BlackElo "2614"]
[TimeControl "180+1"]
[EndTime "9:06:49 PST"]
[Termination "vovachesss won by resignation"]

1. e4 c5 2. Nf3 Nc6 3. c3 Nf6 4. e5 Nd5 5. Bc4 Nb6 6. Bb3 d5 7. exd6 Qxd6 8. O-O Be6 9. Bxe6 Qxe6 10. a4 Qd7 11. a5 Nd5 12. a6 b6 13. d4 e6 14. Ne5 Nxe5 15. dxe5 Nc7 16. Qg4 f5 17. exf6 gxf6 18. Rd1 Qf7 19. Qf3 Rd8 20. Qc6+ Rd7 21. Bf4 Nd5 22. c4 Qh5 23. Nc3 Bh6 24. cxd5 Bxf4 25. dxe6 Qxh2+ 26. Kf1 Qh1+ 27. Ke2 Qh5+ 28. f3 O-O 29. exd7 Qe5+ 30. Kf1 Be3 31. Qd5+ Qxd5 32. Nxd5 Bd4 33. Ne7+ Kf7 34. Nc6 1-0

[Event "Early-Titled-Tuesday-Blitz-March-05-2024"]
[Site "Chess.com"]
[Date "2024.03.05"]
[Round "6"]
[White "Happy1712Drummer"]
[Black "corvachesky"]
[Result "0-1"]
[WhiteElo "2305"]
[BlackElo "2446"]
[TimeControl "180+1"]
[EndTime "9:07:00 PST"]
[Termination "corvachesky won by resignation"]

1. e4 c6 2. d4 d5 3. Nd2 dxe4 4.
Nxe4 Nf6 5. Nxf6+ exf6 6. c3 Bd6 7. Bd3 O-O 8. Ne2 Re8 9. Be3 Nd7 10. Qc2 Nf8 11. O-O-O Be6 12. c4 b5 13. c5 Be7 14.
b3 a5 15. Nf4 b4 16. Nxe6 fxe6 17. Be4 Qc7 18. g3 a4 19. Bf4 axb3 20. Qxb3 Qb7 21. h3 Ra3 22. Qb2 Rea8 23. Kb1 b3 24. axb3 Rxb3 25.
Rd2 Raa3 26. Kc1 Rxb2 27. Rxb2 Ra1+ 28. Bb1 Qa6 29. Rd1 Qa3 30. Rd3 Qxd3 0-1

[Event "Early-Titled-Tuesday-Blitz-March-05-2024"]
[Site "Chess.com"]
[Date "2024.03.05"]
[Round "6"]
[White "GianmarcoVaR"]
[Black "Sina_Movahed"]
[Result "0-1"]
[WhiteElo "2755"]
[BlackElo "3044"]
[TimeControl "180+1"]
[EndTime "9:07:01 PST"]
[Termination "Sina_Movahed won by resignation"]

1. e4 c5 2. Nf3 d6 3. Bb5+ Nd7 4. a4 Nf6 5. Nc3 a6 6. Bc4 e6 7. O-O b6 8. d4 cxd4 9. Qxd4 Be7 10. Be3 O-O 11.
h3 Bb7 12. Rfe1 Qc7 13. Bb3 Rac8 14. Rad1 Nc5 15. Bg5 Rfd8 16. Nd2 h6 17. Bh4 Qc6 18. Qe3 Rd7 19. Bc4 Nfxe4 20. Bxe7 Nxc3 0-1

[Event "Early-Titled-Tuesday-Blitz-March-05-2024"]
[Site "Chess.com"]
[Date "2024.03.05"]
[Round "6"]
[White "SharapovEvgeny"]
[Black "giomar27"]
[Result "1-0"]
[WhiteElo "2548"]
[BlackElo "2404"]
[TimeControl "180+1"]
[EndTime "9:07:07 PST"]
[Termination "SharapovEvgeny won by resignation"]

1. e4 e5 2. Nf3 Nc6 3. Bb5 a6 4.
Ba4 Bc5 5. O-O Nge7 6. Nxe5 Nxe5 7. d4 b5 8. Bb3 Bxd4 9. Qxd4 d6 10. c3 c5 11. Qe3 O-O 12. Qg3 Bb7 13. Nd2 N7g6 14. f4 Nc6 15. Nf3 Na5 16. Bc2 f6 17. h4 Ne7 18. h5 f5 19. h6 g6 20. e5 Bxf3 21. Qxf3 dxe5 22. fxe5 Qd5 23. Qxd5+ Nxd5 24. Rd1 Rad8 25. Bg5 Rd7 26. e6 Rd6 27. Be7 Nxe7 28. Rxd6 Nc4 29. Rxa6 Ne3 30. Bd1 Rd8 31. Bf3 g5 32.
Ra8 Rxa8 33. Bxa8 f4 34. a4 1-0

[Event "Early-Titled-Tuesday-Blitz-March-05-2024"]
[Site "Chess.com"]
[Date "2024.03.05"]
[Round "6"]
[White "DuleMudule"]
[Black "ProChessWICTH"]
[Result "1-0"]
[WhiteElo "2869"]
[BlackElo "2634"]
[TimeControl "180+1"]
[EndTime "9:07:08 PST"]
[Termination "DuleMudule won by resignation"]

1. d4 Nf6 2. Bg5 Ne4 3. h4 g6 4. Nd2 Nxd2 5. Qxd2 d5 6. O-O-O Bf5 7. f3 h5 8. e4 Be6 9. c4 c6 10. Ne2 dxe4 11.
Nf4 Qd7 12. d5 Bf5 13. fxe4 Bg4 14. Be2 Bg7 15. Kb1 Bxe2 16. Nxe2 O-O 17. Bh6 Na6 18. Bxg7 Kxg7 19. Nf4 Rad8 1-0

[Event "Early-Titled-Tuesday-Blitz-March-05-2024"]
[Site "Chess.com"]
[Date "2024.03.05"]
[Round "6"]
[White "iJueles"]
[Black "ozates"]
[Result "1-0"]
[WhiteElo "2493"]
[BlackElo "2591"]
[TimeControl "180+1"]
[EndTime "9:07:08 PST"]
[Termination "iJueles won by checkmate"]

1. d4 Nf6 2. Bg5 Ne4 3. Bf4 c5 4. f3 Nf6 5. dxc5 b6 6. e4 bxc5 7. Nc3 Nc6 8. Bc4 d6 9. Nge2 e6 10. Bb5 Bd7 11. Bxd6 Qa5 12. Bxf8 Rxf8 13. Qd6 Qb6 14.
Bxc6 Bxc6 15. O-O-O Rb8 16. b3 c4 17. Nd4 Rc8 18.
Nxe6 cxb3 19. Nxg7# 1-0

[Event "Early-Titled-Tuesday-Blitz-March-05-2024"]
[Site "Chess.com"]
[Date "2024.03.05"]
[Round "6"]
[White "BeautiFullMindChess"]
[Black "Mesa_1"]
[Result "0-1"]
[WhiteElo "2302"]
[BlackElo "2489"]
[TimeControl "180+1"]
[EndTime "9:07:12 PST"]
[Termination "Mesa_1 won by resignation"]

1. e4 g6 2. d4 Bg7 3. Nf3 d6 4. Bc4 Nf6 5. Qe2 c6 6. Bb3 Bg4 7. c3 O-O 8. Nbd2 e5 9. dxe5 Nh5 10.
Nc4 b5 11. Nxd6 Nd7 12. e6 fxe6 13. Nd4 Bxe2 14. Nxe6 Qh4 15. Ng5+ Bc4 16. Nxc4 Qxf2+ 17. Kd1 bxc4 18. Bxc4+ Kh8 19. Rf1 Qxg2 20. Nf7+ Rxf7 21. Rxf7 Ne5 0-1

[Event "Early-Titled-Tuesday-Blitz-March-05-2024"]
[Site "Chess.com"]
[Date "2024.03.05"]
[Round "6"]
[White "effefe"]
[Black "JaackCamel"]
[Result "1-0"]
[WhiteElo "2404"]
[BlackElo "2224"]
[TimeControl "180+1"]
[EndTime "9:07:12 PST"]
[Termination "effefe won by resignation"]

1. d4 d5 2. c4 e6 3. Nc3 c6 4. Nf3 dxc4 5. e4 b5 6. Be2 Bb7 7. O-O Nf6 8. e5 Nd5 9. Ne4 Nd7 10. a4 h6 11. b3 b4 12. bxc4 Nc3 13. Nxc3 bxc3 14.
Qb3 Rb8 15. Qxc3 c5 16. d5 exd5 17. cxd5 Bxd5 18. Rd1 Be6 19. Bb5 Be7 20. Bxd7+ Bxd7 21. e6 fxe6 22. Qxg7 Bf6 23. Qg6+ Ke7 24. Ba3 Qb6 25. Rac1 Rbc8 26. Rxd7+ Kxd7 27. Qxf6 Rhg8 28. Ne5+ Kd6 29. Nc4+ 1-0

[Event "Early-Titled-Tuesday-Blitz-March-05-2024"]
[Site "Chess.com"]
[Date "2024.03.05"]
[Round "6"]
[White "kleinebeer98"]
[Black "bescmelasti"]
[Result "1-0"]
[WhiteElo "2899"]
[BlackElo "2658"]
[TimeControl "180+1"]
[EndTime "9:07:15 PST"]
[Termination "kleinebeer98 won on time"]

1. e4 c5 2. Nf3 e6 3. d4 cxd4 4. Bg5 Nf6 5. e5 h6 6. Bh4 g5 7. exf6 gxh4 8. Qxd4 Qb6 9. Qxb6 axb6 10. Nbd2 d5 11. c4 Nd7 12. cxd5 exd5 13. Bb5 h3 14.
O-O hxg2 15. Rfe1+ Kd8 16. Rac1 Nxf6 17. Ne5 Be6 18.
Ndf3 Rg8 19. a3 Rc8 20. Rcd1 Rc2 21. b4 Ra2 22. Nd4 Rxa3 23. Nc4 Ra2 24. Nxe6+ fxe6 25. Rxe6 Be7 26. Nxb6 Ne4 27. Rxe4 1-0

[Event "Early-Titled-Tuesday-Blitz-March-05-2024"]
[Site "Chess.com"]
[Date "2024.03.05"]
[Round "6"]
[White "Hope_6"]
[Black "Hamisandwich"]
[Result "0-1"]
[WhiteElo "2815"]
[BlackElo "2644"]
[TimeControl "180+1"]
[EndTime "9:07:16 PST"]
[Termination "Hamisandwich won by resignation"]

1. e4 c6 2. d4 d5 3. e5 Bf5 4. Nf3 e6 5. Be2 Nd7 6. O-O a5 7. a4 f6 8. Be3 fxe5 9. dxe5 Bc5 10. Bxc5 Nxc5 11. Nbd2 Ne7 12. Nd4 O-O 13. Bg4 Bxg4 14. Qxg4 Nf5 15. N2f3 Qe7 16. Rad1 Nxa4 17. b3 Nc3 18.
Ra1 c5 19. Nxf5 Rxf5 20. Rfe1 b6 21. h4 Raf8 22. Re3 d4 23. Ree1 Rf4 24. Qh3 Nd5 25. Re2 Rxf3 26. gxf3 Nf4 27. Qf1 Qxh4 28. Qd1 Rf5 0-1

[Event "Early-Titled-Tuesday-Blitz-March-05-2024"]
[Site "Chess.com"]
[Date "2024.03.05"]
[Round "6"]
[White "toninhojit"]
[Black "bylavochka"]
[Result "1-0"]
[WhiteElo "2500"]
[BlackElo "2310"]
[TimeControl "180+1"]
[EndTime "9:07:16 PST"]
[Termination "toninhojit won on time"]

1. e4 c5 2. Nf3 d6 3. d4 cxd4 4. Nxd4 Nf6 5. Nc3 g6 6. Be3 Bg7 7. f3 Nc6 8. Qd2 O-O 9. Bc4 Bd7 10. O-O-O Qa5 11. Bb3 Rfc8 12. h4 Ne5 13. h5 Nc4 14.
Bxc4 Rxc4 15. hxg6 fxg6 16. Nb3 Qd8 17. Bh6 Bh8 18. Nd5 Rac8 19. Nxf6+ Bxf6 20. c3 Be6 21. Kb1 Qb6 22. Be3 Qa6 23. Bd4 Bxd4 24. cxd4 Ra4 25. d5 Bf7 26. a3 Qb5 27. Ka2 1-0

[Event "Early-Titled-Tuesday-Blitz-March-05-2024"]
[Site "Chess.com"]
[Date "2024.03.05"]
[Round "6"]
[White "frequentblunders"]
[Black "ploxoi"]
[Result "0-1"]
[WhiteElo "2169"]
[BlackElo "2450"]
[TimeControl "180+1"]
[EndTime "9:07:19 PST"]
[Termination "ploxoi won by resignation"]

1. d3 d5 2. Nf3 g6 3. g3 Bg7 4.
Bg2 Nf6 5. O-O O-O 6. Nc3 c5 7. e4 Nc6 8. Re1 d4 9. Ne2 e5 10. a4 Ne8 11. h4 Bg4 12. Nh2 Be6 13. f4 Nd6 14. h5 Qd7 15. h6 Bxh6 16. f5 Bxc1 17.
fxe6 Be3+ 18. Kh1 Qxe6 19. Ng1 Rae8 20. Bh3 Qe7 21. Ng4 Bg5 22. Nf3 h5 23. Nf2 Be3 24. Qe2 Kg7 25. g4 hxg4 26. Nxg4 Rh8 27. Kg2 Bf4 28. Rh1 Nd8 29. Raf1 Ne6 30. Nfxe5 Bxe5 31. Nxe5 Qg5+ 32. Ng4 Nf4+ 33. Rxf4 Qxf4 34. Rf1 Qg5 35. Qf3 f5 36. exf5 Nxf5 37. Qxb7+ Re7 38. Qc6 Ne3+ 39.
Kg3 Rxh3+ 0-1

[Event "Early-Titled-Tuesday-Blitz-March-05-2024"]
[Site "Chess.com"]
[Date "2024.03.05"]
[Round "6"]
[White "balack95"]
[Black "Titus369"]
[Result "0-1"]
[WhiteElo "2468"]
[BlackElo "2644"]
[TimeControl "180+1"]
[EndTime "9:07:21 PST"]
[Termination "Titus369 won by resignation"]

1. d4 d5 2. c4 e6 3. Nc3 Nf6 4. cxd5 exd5 5. Bg5 Be7 6. e3 c6 7. Bd3 Nbd7 8. Qc2 Nf8 9. Nge2 Ne6 10. Bh4 g6 11. O-O O-O 12. f3 b6 13. Rad1 Bb7 14.
Kh1 Nh5 15. Bf2 Rc8 16. g4 Nf6 17. Kg1 c5 18. dxc5 bxc5 19. b3 d4 20. Ne4 dxe3 21.
Bxe3 Nd4 22. Qb1 Bxe4 23. Bxe4 Nxe2+ 24. Kf2 Nxe4+ 25. Qxe4 Nc3 26. Qc2 Nxd1+ 27. Rxd1 Bh4+ 28. Kg2 Qf6 29. Bxc5 Rfd8 30. b4 Rxd1 31. Qxd1 Qb2+ 32. Kh3 Bf6 33. Qd7 Rxc5 34. bxc5 Be5 0-1

[Event "Early-Titled-Tuesday-Blitz-March-05-2024"]
[Site "Chess.com"]
[Date "2024.03.05"]
[Round "6"]
[White "Dinosaurio_1975"]
[Black "xamax2000"]
[Result "0-1"]
[WhiteElo "2586"]
[BlackElo "2926"]
[TimeControl "180+1"]
[EndTime "9:07:22 PST"]
[Termination "xamax2000 won on time"]

1. e4 e5 2. Nf3 Nc6 3. Bc4 Nf6 4. d3 Bc5 5. Be3 Bb6 6. O-O O-O 7. a4 d5 8. exd5 Nxd5 9. Re1 Nxe3 10. fxe3 e4 11. Nfd2 exd3 12. cxd3 Ne5 13. Qe2 Bg4 14. Qf1 Qg5 15. Qf2 Be6 16. Ne4 Qh6 17. Qg3 Bxc4 18.
Qxe5 Rfe8 19. Qc3 Bxe3+ 20. Kh1 Bd5 21. Nbd2 Bxd2 22. Nxd2 c6 23. Nf1 Qg5 24. Ng3 h5 25. Qd4 h4 26. Ne4 Qg6 27. h3 f5 0-1

[Event "Early-Titled-Tuesday-Blitz-March-05-2024"]
[Site "Chess.com"]
[Date "2024.03.05"]
[Round "6"]
[White "Crazy_girl99"]
[Black "Mops_2004"]
[Result "1-0"]
[WhiteElo "2547"]
[BlackElo "2814"]
[TimeControl "180+1"]
[EndTime "9:07:22 PST"]
[Termination "Crazy_girl99 won by checkmate"]

1. e4 c5 2. Nf3 Nc6 3. Bb5 e6 4. O-O Nge7 5. Re1 Nd4 6. Nxd4 cxd4 7. c3 a6 8. Bf1 Nc6 9. Qf3 Bd6 10. b3 O-O 11.
Na3 b5 12. Nc2 Bb7 13. cxd4 Rc8 14. Bb2 Ne7 15. Rac1 f5 16. d5 fxe4 17. Qg4 e5 18.
Qxe4 Bxd5 19. Qd3 Qb6 20. Ne3 Be6 21. Rxc8 Rxc8 22. Qe4 Nc6 23. Bd3 g6 24. Nd5 Qc5 25. Nf6+ Kg7 26. Qh4 Be7 27. Qxh7+ Kxf6 28. Qxg6# 1-0

[Event "Early-Titled-Tuesday-Blitz-March-05-2024"]
[Site "Chess.com"]
[Date "2024.03.05"]
[Round "6"]
[White "MagnusCarlsen"]
[Black "Genghis_K"]
[Result "1-0"]
[WhiteElo "3275"]
[BlackElo "2951"]
[TimeControl "180+1"]
[EndTime "9:07:25 PST"]
[Termination "MagnusCarlsen won on time"]

1. b4 e5 2. a3 d5 3. Bb2 Bd6 4. c4 c6 5. Nf3 Nd7 6. e3 Ngf6 7. Nc3 O-O 8. Be2 e4 9. Nd4 dxc4 10. Qc2 Re8 11. Bxc4 a5 12. Ba2 Nf8 13. h3 Ng6 14. g4 h6 15. b5 c5 16. Nf5 Bxf5 17.
gxf5 Nh4 18. O-O-O Nf3 19. d3 exd3 20. Qxd3 Be5 21. Qe2 Nd4 22. Qc4 Qd7 23. f4 Qxf5 24. Bb1 Qxf4 25. exf4 Bxf4+ 26. Rd2 Rad8 27. Rd1 Nd7 28. Ba2 Ne5 29. Qf1 g5 30. Kb1 1-0

[Event "Early-Titled-Tuesday-Blitz-March-05-2024"]
[Site "Chess.com"]
[Date "2024.03.05"]
[Round "6"]
[White "ReadySkate"]
[Black "AsaHoffmann"]
[Result "1-0"]
[WhiteElo "2574"]
[BlackElo "2420"]
[TimeControl "180+1"]
[EndTime "9:07:27 PST"]
[Termination "ReadySkate won by resignation"]

1. d4 Nf6 2. c4 c5 3. d5 e5 4. Nc3 d6 5. e4 Be7 6. Be2 Nbd7 7.
h3 Nf8 8. Be3 Ng6 9. Nf3 O-O 10.
O-O Nh5 11. Nxe5 Nxe5 12. Bxh5 Nxc4 13. Bc1 f5 14. exf5 Bxf5 15. Bg4 Qd7 16. Bxf5 Qxf5 17.
Qe2 Ne5 18. f4 Ng6 19. g4 Qd7 20. Qe6+ Qxe6 21. dxe6 Bf6 22. Nd5 Bd4+ 23. Kh1 Rae8 24. Re1 Ne7 25. Nxe7+ Rxe7 26. f5 b5 27. Rb1 b4 28.
Be3 Bf6 29. b3 h6 30. Rbd1 Bc3 31. Re2 a5 32. Rxd6 Rc8 33. Bd2 Bd4 34. Ra6 Ree8 35. Rxa5 Ra8 36. Rxa8 Rxa8 37. Be3 Bxe3 38. Rxe3 Kf8 39.
Re5 Rxa2 40. Rxc5 Rb2 41. Rc8+ Ke7 42. Rc7+ Kf8 43. Rf7+ Ke8 44. Rxg7 Rxb3 45. f6 1-0